 Seeded DCSS version 0.27-a0-1532-gca18f49f40 (webtiles) character file.

Game seed: 20210712 (custom seed)

155 muata the Conjurer (level 5, -1/35 HPs)
             Began as a Human Conjurer on July 12, 2021.
             Was an Initiate of Yredelemnul.
             Slain by a scorpion (5 damage)
             ... on level 4 of the Dungeon.
             The game lasted 00:11:44 (4099 turns).

muata the Conjurer (Human Conjurer)                 Turns: 4099, Time: 00:11:45

Health: -1/35      AC:  5    Str:  8    XL:     5   Next: 63%
Magic:  2/10       EV: 12    Int: 19    God:    Yredelemnul [......]
Gold:   54         SH:  0    Dex: 11    Spells: 8/11 levels left

rFire    . . .     SeeInvis .   (no weapon)
rCold    . . .     Faith    .   (no shield)
rNeg     . . .     Spirit   .   a - +0 robe
rPois    .         Reflect  .   (no helmet)
rElec    .         Harm     .   e - +0 cloak
rCorr    .         Rampage  .   o - +0 pair of gloves
Will     .....                  s - +0 pair of boots
Stlth    ++........             (no amulet)
HPRegen  0.11/turn              (no ring)
MPRegen  0.12/turn              (no ring)

@: lethally poisoned (-1 -> -13)
A: no striking features
a: Renounce Religion


You were on level 4 of the Dungeon.
You worshipped Yredelemnul.
Yredelemnul was noncommittal.
You visited 1 branch of the dungeon, and saw 4 of its levels.

You collected 54 gold pieces.

Inventory:

Missiles
 f - 17 poisoned darts
 j - 2 curare-tipped darts
Armour
 a - a +0 robe (worn)
 e - a +0 cloak (worn)
 m - a +0 pair of boots
 o - a +0 pair of gloves (worn)
 s - a +0 pair of boots (worn)
Jewellery
 h - a ring of fire
Scrolls
 b - 2 scrolls of magic mapping {unknown}
 d - a scroll of enchant weapon {unknown}
 k - a scroll of summoning {unknown}
 n - a scroll of teleportation {unknown}
 p - a scroll of vulnerability {unknown}
 q - 4 scrolls of identify {unknown}
Potions
 c - 4 potions of curing {unknown}
 g - a potion of resistance {unknown}
 i - 2 potions of flight {unknown}
 l - a potion of lignification {unknown}
 r - a potion of heal wounds {unknown}


   Skills:
 - Level 2.0 Dodging
 - Level 2.0 Stealth
 + Level 3.7 Spellcasting
 + Level 5.3 Conjurations


You had 8 spell levels left.
You knew the following spells:

 Your Spells              Type           Power      Damage    Failure   Level
a - Magic Dart            Conj           96%        1d7       1%          1
b - Searing Ray           Conj           48%        3d5       2%          2

Your spell library contained the following spells:

 Spells                   Type           Power      Damage    Failure   Level
 Freeze                   Ice            12%        1d4       14%         1
 Dazzling Flash           Conj/Hex       26%        N/A       14%         3
 Call Canine Familiar     Summ           3%         N/A       38%         3
 Frozen Ramparts          Ice            6%         1d2       38%         3
 Portal Projectile        Hex/Tloc       6%         N/A       38%         3
 Summon Guardian Golem    Hex/Summ       3%         N/A       38%         3
 Fulminant Prism          Conj/Hex       6%         3d7       43%         4
 Hailstorm                Conj/Ice       13%        3d5       43%         4
 Iskenderun's Mystic Bla  Conj/Tloc      13%        2d5       43%         4
 Leda's Liquefaction      Hex/Erth       1%         N/A       80%         4
 Orb of Destruction       Conj           12%        9d6       100%        7
 Spellforged Servitor     Conj/Summ      6%         N/A       100%        7


Dungeon Overview and Level Annotations

Branches:
Dungeon (4/15)
 Temple: D:4-7

Altars:
Elyvilon
Trog
Yredelemnul
Zin


Message History

Aim: a scorpion (moderately wounded, 100% to hit)
The magic dart hits the scorpion.
The scorpion is moderately wounded.
You feel very sick. The scorpion stings you.
Unknown command.
Casting: Magic Dart (safe; 1% risk of failure)
Confirm with . or Enter, or press ? or * to list all spells.
Aiming: Magic Dart (safe; 1% risk of failure)
Press: ? - help, Shift-Dir - straight line, f/p - scorpion
Aim: a scorpion (moderately wounded, 100% to hit)
The magic dart hits the scorpion.
The scorpion is heavily wounded.
You feel sick. The scorpion completely misses you. The scorpion stings you.
You are lethally poisoned!
The scorpion poisons you!
Unknown command.
Casting: Magic Dart (safe; 1% risk of failure)
Confirm with . or Enter, or press ? or * to list all spells.
Aiming: Magic Dart (safe; 1% risk of failure)
Press: ? - help, Shift-Dir - straight line, f/p - scorpion
Aim: a scorpion (heavily wounded, 100% to hit)
The magic dart hits the scorpion but does no damage.
The scorpion is heavily wounded.
* * * LOW HITPOINT WARNING * * *
You feel very sick.
The scorpion stings you but does no damage.
Unknown command.
Casting: Magic Dart (safe; 1% risk of failure)
Confirm with . or Enter, or press ? or * to list all spells.
Aiming: Magic Dart (safe; 1% risk of failure)
Press: ? - help, Shift-Dir - straight line, f/p - scorpion
Aim: a scorpion (heavily wounded, 100% to hit)
The magic dart hits the scorpion but does no damage.
The scorpion is heavily wounded.
* * * LOW HITPOINT WARNING * * *
You feel very sick. The scorpion stings you.
You die...
Your body rises from the dead as a mindless zombie.

.........##......
#...............
#.........$.... .
#.............. ..
#..............
...#..............
..................
........s........#
##..#..@..........
## #.......#..###
#......#####
#....$## #....##
##.### ##


You could see a scorpion.

Vanquished Creatures
  An ogre (D:3)
  An adder (D:2)
  2 dart slugs
  7 ball pythons
  6 endoplasms
  A giant cockroach (D:2)
  6 goblins
  7 hobgoblins
  6 jackals
  2 quokkas (D:3)
  3 bats
  5 frilled lizards
  2 kobolds
  A rat (D:1)
50 creatures vanquished.

Vanquished Creatures (others)
  A plant (D:1)
1 creature vanquished.

Grand Total: 51 creatures vanquished

Notes
Turn   | Place    | Note
-------+----------+-------------------------------------------
     0 | D:1      | muata the Human Conjurer began the quest for the Orb.
     0 | D:1      | Reached XP level 1. HP: 13/13 MP: 3/3
   407 | D:1      | Reached XP level 2. HP: 19/19 MP: 1/5
  1194 | D:1      | Found a faded altar of an unknown god.
  1678 | D:2      | Reached XP level 3. HP: 22/24 MP: 0/6
  2657 | D:3      | Reached XP level 4. HP: 29/30 MP: 0/8
  2873 | D:3      | Learned a level 2 spell: Searing Ray
  3284 | D:3      | Found a glowing silver altar of Zin.
  3520 | D:3      | Found a white marble altar of Elyvilon.
  3521 | D:3      | Found a basalt altar of Yredelemnul.
  3525 | D:3      | Found a bloodstained altar of Trog.
  3553 | D:3      | Became a worshipper of Yredelemnul the Dark
  3659 | D:3      | Noticed an ogre
  3666 | D:3      | Killed an ogre
  3667 | D:3      | Reached skill level 5 in Conjurations
  3667 | D:3      | Reached XP level 5. HP: 35/35 MP: 1/10
  4019 | D:3      | Upgraded the game from 0.27-a0-1529-g1e82c303ef to
                  | 0.27-a0-1532-gca18f49f40
  4099 | D:4      | Slain by a scorpion

Illustrated notes

Levels and vault maps discovered:
D:1:      dpeg_arrival_simpleton_b, layout_basic,
          shapermc_ecumenical_altar_mp_urbaneastern
D:2:      layout_loops_corners, bh_walls_and_bars
D:3:      minmay_evil_eye, layout_basic, minitemple, minmay_vboxes
D:4:      layout_cave_pools, serial_shops, shop, supply_closet_lemuel,
          minivault_23, kennysheep_generic_room_5, uniq_pikel

Skill      XL: |  1  2  3  4 |
---------------+-------------+-----
Spellcasting   | 3 |  3.7
Conjurations   | 5 |  5.3
Dodging        | |  2.0
Stealth        | |  2.0

Action                   |  1- 3 |  4- 6 || total
-------------------------+-------+-------++-------
Melee: Unarmed           |    14 |       ||    14
 Cast: Magic Dart        |    65 |    49 ||   114
Armor: Robe              |     3 |     6 ||     9
Dodge: Dodged            |    30 |     3 ||    33

Table legend: (Time is in decaauts)
 A = Elapsed time spent in this place.
 B = Non-inter-level travel time spent in this place.
 C = Inter-level travel time spent in this place.
 D = Time resting spent in this place.
 E = Time spent auto-exploring this place.
 F = Levels seen in this place.
 G = Mean time per level.
                   A        B        C        D        E       F      G
               +--------+--------+--------+--------+--------+-----+--------+
         Total |   4098 |   3846 |    252 |    700 |   2681 |   4 | 1024.5 |
       Dungeon |   4098 |   3846 |    252 |    700 |   2681 |   4 | 1024.5 |
               +--------+--------+--------+--------+--------+-----+--------+

Top non-repeatable levels by time:
     D:3: 1634 daAuts
     D:1: 1254 daAuts
     D:2: 1158 daAuts
     D:4: 50 daAuts
